AoeStats
← kuji000

Black Forest

505717536Analyzed
1v1 RM · 22d ago on Sep 10, 2026· 38m 59s· 2 players
Game mode
Random Map
Map size
Tiny (2 player)
Population
200
Speed
Normal
Resources
Standard
Victory
Conquest
Starting age
Dark Age
Ending age
Imperial Age
RankedLock teamsTeams togetherTeam positionsShared explorationLock speedFull tech treeHidden civsTurbo modeCheats
Victory
Defeat
🇹🇷 Mongols · Türkiye
849
+17
🇫🇷 Turks · France
864
-17
thelan
7:28 Loom
9:34 Feudal Age
16:57 Castle Age
15:17 Double-Bit Axe
15:16 Horse Collar
15:55 Gold Mining
16:21 Stone Mining
18:35 Bow Saw
20:25 Heavy Plow
30:57 Imperial Age
29:53 Gold Shaft Mining
29:33 Fletching
29:44 Padded Archer Armor
29:50 Scale Barding Armor
29:48 Town Watch
30:42 Wheelbarrow
30:18 Husbandry
30:39 Bloodlines
31:34 Stone Shaft Mining
31:00 Bodkin Arrow
31:28 Ballistics
32:12 Conscription
33:00 Chemistry
32:05 Cavalier
33:02 Bracer
33:03 Murder Holes
33:20 Masonry
33:24 Town Patrol
33:32 Light Cavalry
34:48 Leather Archer Armor
34:54 Chain Barding Armor
34:44 Forging
35:27 Siege Engineers
35:07 Hussar
37:02 Hand Cart
39:01 Iron Casting
kuji000
12:55 Feudal Age
11:59 Loom
13:20 Double-Bit Axe
13:19 Horse Collar
13:50 Town Watch
20:57 Castle Age
19:10 Arson
19:34 Gold Mining
19:34 Stone Mining
22:14 Forging
22:06 Scale Mail Armor
21:58 Fletching
22:08 Padded Archer Armor
24:13 Wheelbarrow
24:00 Scale Barding Armor
24:13 Chain Mail Armor
24:35 Bow Saw
25:59 Heavy Plow
25:38 Man-at-Arms
26:18 Squires
26:46 Leather Archer Armor
28:40 Gold Shaft Mining
29:00 Ballistics
28:21 Treadmill Crane
33:56 Imperial Age
31:46 Long Swordsman
34:02 Iron Casting
33:39 Bodkin Arrow
35:05 Crossbowman
37:16 Sipahi
37:05 Two-Handed Swordsman
39:08 Bracer
39:39 Ring Archer Armor
Connection lost

Rejoining the realm…

Still unreachable

The connection could not be restored.

Session expired

The server has moved on; the page needs a fresh start.